 Dungeon Crawl Stone Soup version 0.24-a0-201-gf205589 (console) character file.

Game seed: 621452115162351110

437 Voker57 the Slasher (level 6, 0/48 HPs)
             Began as a Demonspawn Gladiator on Mar 22, 2019.
             Slain by a gnoll
             ... wielding a +0 halberd
              (5 damage)
             ... on level 3 of the Dungeon.
             The game lasted 00:04:46 (2018 turns).

Voker57 the Slasher (Demonspawn Gladiator)          Turns: 2018, Time: 00:04:47

Health: 0/48       AC: 12    Str: 14    XL:     6   Next: 69%
Magic:  6/6        EV: 14    Int: 10    God:
Gold:   122        SH:  0    Dex: 16    Spells: 5/5 levels left

rFire    . . .     SeeInvis .   a - +0 long sword
rCold    . . .     Gourm    .   (no shield)
rNeg     . . .     Faith    .   b - +0 leather armour
rPois    .         Spirit   .   n - +2 helmet
rElec    .         Reflect  .   (no cloak)
rCorr    .         Harm     .   (no gloves)
MR       .....                  (no boots)
Stlth    +.........             (no amulet)
HPRegen  0.16/turn              (no ring)
MPRegen  0.10/turn              (no ring)

@: sanguine armour
A: claws 1, spiny 1, sanguine armour 1
a: no special abilities


You were on level 3 of the Dungeon.
You were not hungry.

You visited 1 branch of the dungeon, and saw 3 of its levels.

You collected 122 gold pieces.

Inventory:

Hand Weapons
 a - a +0 long sword (weapon)
Missiles
 d - a throwing net (quivered)
Armour
 b - a +0 leather armour (worn)
 c - a +0 helmet
 n - a +2 helmet (worn)
 s - a +0 scale mail
Jewellery
 i - an uncursed ring of fire {unknown}
Scrolls
 h - a scroll of remove curse
 j - a scroll of teleportation {unknown}
 k - a scroll of enchant armour {unknown}
 l - a scroll of magic mapping {unknown}
 m - a scroll of enchant weapon {unknown}
 q - a scroll of immolation {unknown}
Potions
 e - a potion of agility {unknown}
 g - a potion of curing {unknown}
 o - 2 potions of haste
 p - a potion of mutation {unknown}
 r - a potion of heal wounds {unknown}
 t - 2 potions of lignification {unknown}
 u - a potion of might {unknown}
 v - a potion of invisibility {unknown}
Comestibles
 f - 4 rations


   Skills:
 + Level 4.0 Fighting
 * Level 5.2 Long Blades
 - Level 1.7 Throwing
 + Level 4.1 Dodging


You had 5 spell levels left.
You didn't know any spells.
Your spell library was empty.

Dungeon Overview and Level Annotations

Branches:
Dungeon (3/15)

Altars:
Yredelemnul


Innate Abilities, Weirdness & Mutations

You have sharp fingernails.
You are partially covered in sharp spines.
When seriously injured, your bleeding wounds create armour. (AC +6)


Message History

The gnoll is struck by your spines.
The gnoll barely misses you. x2; You riposte.
You barely miss the gnoll.
The gnoll is moderately wounded.
The gnoll is struck by your spines. The gnoll misses you.
You riposte.
You hit the gnoll.
You kill the gnoll!
Your Fighting skill increases to level 4!
The gnoll hits you from afar with a +0 halberd!
The gnoll closely misses you.
You see here a +0 spear.
The gnoll hits you with a +0 halberd!
* * * LOW HITPOINT WARNING * * *
You barely miss the gnoll.
The gnoll is moderately wounded.
The gnoll closely misses you.
Throwing (i - inventory)
d - 2 throwing nets (quivered)
Press: ? - help, Shift-Dir - straight line, f - gnoll
Aim: a gnoll, wielding a +0 halberd (moderately wounded)
You throw a throwing net.
The throwing net closely misses the gnoll.
The gnoll hits you with a +0 halberd.
You die...

#.........# #..(......##
#...........
#######...........
................. ###
#.#....%......... ..##
#...##...........
...########..# #...........
..........)..###)..........
....###........g...........
....##......####@#.........
...))....##.....g####.#....
.....###)##........(.......
...#.>##)##.#.######..#....
.......#.##...#####..##....
.....#.#)###........# ..
.............)#######
....###..#....>..#
###..................
#####........###.....
#.###.............)..


You could see 2 gnolls.

Vanquished Creatures
  A bullfrog (D:2)
  A vampire bat (D:3)
  Ijyb (D:3)
  Natasha (thrice) (D:2)
  Robin (D:3)
  2 adders (D:2)
  5 gnolls (D:3)
  2 dart slugs
  3 fire bats (D:3)
  3 leopard geckos
  An orc (D:3)
  2 spectral bats (D:3)
  3 bat skeletons (D:3)
  A bat zombie (D:3)
  3 giant cockroaches
  11 goblins
  6 hobgoblins
  4 jackals (D:3)
  21 bats
  A bat simulacrum (D:3)
  2 frilled lizards (D:2)
  6 kobolds
  5 rats
  A spectral orc (D:2)
89 creatures vanquished.

Notes
Turn   | Place    | Note
-------+----------+-------------------------------------------
     0 | D:1      | Voker57 the Demonspawn Gladiator began the quest for the
                  | Orb.
     0 | D:1      | Reached XP level 1. HP: 16/16 MP: 1/1
   134 | D:1      | Reached skill level 3 in Long Blades
   134 | D:1      | Gained mutation: When seriously injured, your bleeding
                  | wounds create armour. (AC +6) [demonic ancestry]
   134 | D:1      | Reached XP level 2. HP: 8/22 MP: 2/2
   690 | D:2      | Gained mutation: You are partially covered in sharp spines.
                  | [demonic ancestry]
   690 | D:2      | Reached XP level 3. HP: 25/28 MP: 3/3
   704 | D:2      | Found a basalt altar of Yredelemnul.
   704 | D:2      | Noticed Natasha
   718 | D:2      | Killed Natasha
   884 | D:2      | Noticed Natasha
   891 | D:2      | Killed Natasha
   891 | D:2      | Gained mutation: You have sharp fingernails. [demonic
                  | ancestry]
   891 | D:2      | Reached XP level 4. HP: 22/34 MP: 4/4
   982 | D:2      | Noticed Natasha
   989 | D:2      | Killed Natasha
   989 | D:2      | Reached skill level 4 in Long Blades
  1453 | D:2      | Noticed a bullfrog
  1456 | D:2      | Killed a bullfrog
  1456 | D:2      | Reached XP level 5. HP: 36/41 MP: 5/5
  1846 | D:3      | Reached XP level 6. HP: 46/47 MP: 6/6
  1863 | D:3      | Reached skill level 5 in Long Blades
  1947 | D:3      | Noticed Robin
  1973 | D:3      | Killed Robin
  1991 | D:3      | Noticed Ijyb
  2008 | D:3      | Killed Ijyb
  2018 | D:3      | Slain by a gnoll

Levels and vault maps discovered:
D:1:      ebering_trefoil_3fold, layout_rooms
D:2:      layout_rooms, yredelemnul_forgotten_temple_becter, first_ration,
          minmay_pentomino_z2, uniq_natasha
D:3:      layout_rooms, goddamned_bats, uniq_sigmund, uniq_ijyb, uniq_robin

Skill      XL: |  1  2  3  4  5  6 |
---------------+-------------------+-----
Long Blades    | 3 4 5 |  5.2
Dodging        | 3 4 |  4.1
Fighting       | 3 4 |  4.0
Throwing       | |  1.7

Action                   |  1- 3 |  4- 6 || total
-------------------------+-------+-------++-------
Melee: Long sword        |    83 |    95 ||   178
Throw: Throwing net      |       |     2 ||     2
  Use: Scroll            |       |     2 ||     2
 Stab: Sleeping          |     1 |     1 ||     2
       Held in net/web   |       |     2 ||     2
  Eat: Chunk             |       |     4 ||     4
Armor: Leather armour    |    42 |    34 ||    76
       Scale mail        |       |     1 ||     1
Dodge: Dodged            |    77 |   102 ||   179
       Rpst.: Long sword |    22 |    30 ||    52

Table legend:
 A = Non-vault XP
 B = Vault XP
 C = Vault XP percentage of total XP
 D = Non-vault monster count
 E = Vault monster count
 F = Vault count percentage of total count
                 A         B        C        D         E       F
            +---------+---------+-------+---------+---------+-------
      Total |     330 |     295 |  47.2 |      53 |      36 |  40.4
            +---------+---------+-------+---------+---------+-------
        D:1 |      38 |       0 |   0.0 |      21 |       0 |   0.0
        D:2 |     205 |      51 |  19.9 |      20 |       4 |  16.7
        D:3 |      87 |     244 |  73.7 |      12 |      32 |  72.7
            +---------+---------+-------+---------+---------+-------
